[Event "Early-Titled-Tuesday-Blitz-September-05-2023"]
[Site "Chess.com"]
[Date "2023.09.05"]
[Round "6"]
[White "jsdbv18"]
[Black "Fandorine"]
[Result "1-0"]
[WhiteElo "2628"]
[BlackElo "2899"]
[TimeControl "180+1"]
[EndTime "9:06:29 PDT"]
[Termination "jsdbv18 won by resignation"]

1. d4 Nf6 2. c4 g6 3. Nc3 Bg7 4.
e4 d6 5. Nf3 O-O 6. Be2 e5 7. O-O exd4 8. Nxd4 Re8 9. f3 c6 10.
Kh1 d5 11. cxd5 cxd5 12. Bg5 Nc6 13. Ndb5 a6 14. exd5 axb5 15. dxc6 Qxd1 16. Bxd1 bxc6 17. Bb3 Be6 18. Rac1 h6 19. Bh4 g5 20. Bf2 Bxb3 21. axb3 Nd5 22. Nxd5 cxd5 23. Rc5 Re2 24. h4 Rxb2 25.
hxg5 Rxb3 26. Rxd5 b4 27. Rfd1 h5 28. Bd4 Rb8 29.
Rd7 Bxd4 30. R1xd4 Rb6 31. Rf4 Rg6 32. Rdxf7 Rd3 33.
Rf8+ Kh7 34. R4f7+ Rg7 35. Rxg7+ Kxg7 36. Rb8 Rd4 37. g3 h4 38. gxh4 Kg6 39. Kg2 Rxh4 40. Kg3 Rc4 41. f4 Kf5 42. Rb5+ Kg6 43. Kg4 Rd4 44.
Rb6+ Kg7 45. Kf5 Rd5+ 46. Ke6 Rd4 47. Ke5 Rc4 48. f5 Rg4 49. Rb7+ Kf8 50. Kf6 Ke8 51. g6 Kd8 52. Kg7 Kc8 53. Rb5 1-0

[Event "Early-Titled-Tuesday-Blitz-September-05-2023"]
[Site "Chess.com"]
[Date "2023.09.05"]
[Round "6"]
[White "onnoelgersma"]
[Black "fen_fire"]
[Result "1-0"]
[WhiteElo "2589"]
[BlackElo "2463"]
[TimeControl "180+1"]
[EndTime "9:06:29 PDT"]
[Termination "onnoelgersma won on time"]

1. c3 g6 2. d4 Bg7 3. e4 d6 4. Nf3 Nd7 5. h3 e6 6. Bd3 Ne7 7. O-O h6 8. Re1 b6 9. Nbd2 Bb7 10. Nf1 a6 11. Ng3 c6 12. a4 Qc7 13. Be3 c5 14. Qd2 Kf8 15. Rad1 Rd8 16. Bf4 g5 17. Be3 e5 18. Bb1 Nc6 19. Ba2 Ne7 20. b4 c4 21. Nh5 b5 22. Bb1 Nc6 23. h4 g4 24.
Nh2 Nf6 25. Nxf6 Bxf6 26. Nxg4 Bxh4 27. Bxh6+ Ke8 28. Bg7 Rg8 29. Qh6 Be7 30. Qh7 Kd7 31.
Qf5+ Ke8 32. Qh7 Kd7 33. dxe5 Kc8 34. axb5 axb5 35. exd6 Bxd6 36. e5 Be7 37. Bf5+ Kb8 38. f3 Qb6+ 39. Kf1 Rxd1 40. Rxd1 Rd8 41. Rxd8+ Qxd8 42. Qh8 Qxh8 43. Bxh8 Nxb4 44. cxb4 Bxb4 45. e6 fxe6 46.
Bxe6 Bc6 47. Ne5 Be8 48. Nd7+ Kc7 49. Nf6 Bc6 50. Nd5+ Bxd5 51. Bxd5 Kd6 52. Be4 Ba5 53. Ke2 Kc5 54. g4 Kb4 55. g5 Kb3 56. g6 c3 57. g7 c2 58. Bxc2+ Kxc2 59. g8=Q 1-0

[Event "Early-Titled-Tuesday-Blitz-September-05-2023"]
[Site "Chess.com"]
[Date "2023.09.05"]
[Round "6"]
[White "Mesa_1"]
[Black "Roedor"]
[Result "1-0"]
[WhiteElo "2578"]
[BlackElo "2453"]
[TimeControl "180+1"]
[EndTime "9:06:29 PDT"]
[Termination "Mesa_1 won on time"]

1. e4 e5 2. Nf3 Nc6 3. Bb5 Nf6 4. d3 Bc5 5. Bxc6 dxc6 6. Nbd2 Bd6 7. O-O O-O 8. b3 Nd7 9. Bb2 Re8 10. Re1 Nf8 11. Nc4 f6 12. d4 exd4 13. Qxd4 Bg4 14. Qe3 Qe7 15. h3 Be6 16. Na5 Reb8 17. Rad1 Bb4 18. Bc3 Bf7 19. Nd4 Bxc3 20. Qxc3 Ne6 21. e5 fxe5 22.
Rxe5 Qf6 23. Rde1 Nxd4 24. Qxd4 b6 25. Nc4 Rd8 26. Qe4 h6 27. Rf5 Qc3 28. Ne5 Bd5 29. Qe2 Re8 30. f4 Rf8 31. Ng6 Rxf5 32. Ne7+ Kh7 33.
Nxf5 Rf8 34. g4 g6 35. Ne3 Qc5 36. Qf2 Re8 37. c4 Bf7 38. Kf1 Kg7 39. f5 Re5 40. h4 gxf5 41. Nxf5+ 1-0

[Event "Early-Titled-Tuesday-Blitz-September-05-2023"]
[Site "Chess.com"]
[Date "2023.09.05"]
[Round "6"]
[White "NFChess13"]
[Black "PetrolulSah"]
[Result "0-1"]
[WhiteElo "2644"]
[BlackElo "2150"]
[TimeControl "180+1"]
[EndTime "9:06:32 PDT"]
[Termination "PetrolulSah won on time"]

1. c4 Nf6 2. Nc3 d5 3. cxd5 Nxd5 4. e4 Nb6 5. d4 g6 6. h4 h5 7. Be3 Bg7 8. Nh3 Nc6 9. Bb5 a6 10. Bxc6+ bxc6 11. Ng5 c5 12. Qb3 c4 13. Qd1 Bb7 14. O-O O-O 15. Qd2 Qd7 16. Rfd1 Qg4 17. f3 Qd7 18. Qe2 Bh6 19. Rac1 Rad8 20. d5 a5 21. Rd2 Ba6 22. e5 Qf5 23. Bc5 Bxg5 24. hxg5 Qxg5 25. Ne4 Qxe5 26. Bd4 Qf5 27. Ng3 Qg5 28. Ne4 Qf5 29. Ng3 Qd7 30. Qe5 f6 31. Qe4 Kg7 32. Rcd1 Bb7 33. Bxb6 cxb6 34. Qxc4 Rc8 35. Qe4 Qd6 36. Ne2 e5 37. dxe6 Qc5+ 38. Qd4 Qxd4+ 39. Rxd4 Rc2 40. Rd7+ Kh6 41. Nf4 Bc6 42. Rc7 Re8 43.
Rd6 Be4 44. Rf7 Bf5 45. Rxf6 Rc1+ 0-1

[Event "Early-Titled-Tuesday-Blitz-September-05-2023"]
[Site "Chess.com"]
[Date "2023.09.05"]
[Round "6"]
[White "rachidhuilda"]
[Black "InadaC"]
[Result "0-1"]
[WhiteElo "2299"]
[BlackElo "1737"]
[TimeControl "180+1"]
[EndTime "9:06:32 PDT"]
[Termination "InadaC won by resignation"]

1. d4 Nf6 2. Bg5 e6 3. e4 d5 4.
Nd2 c5 5. exd5 exd5 6. Ngf3 Be6 7. Bb5+ Nbd7 8. O-O Be7 9. Re1 O-O 10. c3 Bg4 11. h3 Bh5 12. Bd3 c4 13. Bc2 Bd6 14.
Nf1 Qc7 15. Ne3 Rfe8 16. Nf5 Bg6 17. Nxd6 Qxd6 18. Bxg6 hxg6 19. Qd2 Ne4 20. Qf4 Qxf4 21. Bxf4 Ndf6 22. Re2 Nh5 23. Bh2 f5 24. Rae1 Kh7 25. Nd2 Rf8 26. Nf3 Nhf6 27. Ne5 g5 28. f3 Nd6 29. Nd7 Nxd7 30. Bxd6 Rf6 31. Ba3 b6 32. Re7 Rd8 33. Kf2 Kg6 34. R1e2 b5 35.
Bb4 a6 36. R2e6 Nb8 37. Rxf6+ gxf6 38. Rb7 Nc6 39. Bc5 Ra8 40. Rb6 Nd8 41. Be7 Nf7 42.
Rxf6+ Kg7 43. Rb6 Ra7 44. Bc5 Ra8 45. Re6 a5 46. Rb6 b4 47. Rb7 bxc3 48. bxc3 a4 49. Rb5 Kf6 50. Bb4 Ke6 51. Rb6+ Kd7 52. a3 Nd8 53.
Rg6 Ne6 54. Rf6 f4 55. Rf7+ Kc6 56. Re7 Nc7 57. Re5 Rg8 58. Rf5 Kd7 59. Rf6 Ne6 60. Rf7+ Kc6 61. Ra7 Nc7 62. Rxa4 Re8 63. Ra6+ Nxa6 64.
h4 gxh4 65. Kg1 Nxb4 66. axb4 Kb5 67. Kf2 Re3 0-1

[Event "Early-Titled-Tuesday-Blitz-September-05-2023"]
[Site "Chess.com"]
[Date "2023.09.05"]
[Round "6"]
[White "FGHSMN"]
[Black "Sibelephant"]
[Result "0-1"]
[WhiteElo "2930"]
[BlackElo "3142"]
[TimeControl "180+1"]
[EndTime "9:06:33 PDT"]
[Termination "Sibelephant won on time"]

1. b3 d5 2. Bb2 Bg4 3. f3 Bh5 4. h4 Qd6 5. d4 f6 6. e3 Nc6 7. Nh3 e5 8. Kf2 O-O-O 9. Nc3 exd4 10. exd4 Nge7 11. Ne2 Bf7 12. Qd2 Nf5 13. g3 Re8 14. Re1 Rxe2+ 15. Bxe2 Qxg3+ 16. Kf1 Nxh4 17. Bd1 Nxf3 18.
Bxf3 Qxf3+ 19. Kg1 Bb4 20. c3 Qg3+ 21. Kf1 Bd6 22. Re3 Qg6 23. Rg1 Qf5+ 24. Kg2 Bg6 25. Qe2 Qd7 26. Nf2 Bf4 27. Rh3 Re8 28. Qg4 Bf5 29.
Qxf4 Bxh3+ 30. Nxh3 Re2+ 31. Nf2 Rxb2 32. Re1 b6 33.
Kg3 Rxa2 34. Qh4 Qf5 35. Kg2 Kb7 36. Re3 g5 37. Qg3 h5 38. Rf3 Qe4 39. Kh2 h4 40.
Qg2 g4 41. Rxf6 g3+ 0-1

[Event "Early-Titled-Tuesday-Blitz-September-05-2023"]
[Site "Chess.com"]
[Date "2023.09.05"]
[Round "6"]
[White "Kurai"]
[Black "Murad_Ibrahimli"]
[Result "1-0"]
[WhiteElo "2708"]
[BlackElo "2851"]
[TimeControl "180+1"]
[EndTime "9:06:33 PDT"]
[Termination "Kurai won by resignation"]

1. d4 Nf6 2. c4 e6 3. Nf3 d5 4. g3 dxc4 5. Bg2 Nbd7 6. O-O Nb6 7. Bg5 Be7 8. Nbd2 O-O 9. e3 Bd7 10. Ne5 Nfd5 11. Bxe7 Qxe7 12. Ndxc4 Bb5 13. Nxb6 axb6 14. Re1 Qb4 15. Qc1 Rfc8 16. a3 Qb3 17. Be4 Be8 18.
Bc2 Qb5 19. Bd3 Qa4 20. Bc2 Qa7 21. e4 Nf6 22. Qd2 Rd8 23. Qc3 c5 24. Rad1 Rac8 25. dxc5 bxc5 26. Nc4 Qa6 27. e5 Nd5 28. Qd3 g6 29. Nd6 Qxd3 30. Bxd3 Rb8 31. Be4 Bc6 32. Rc1 b6 33. b4 f5 34. Bg2 Rd7 35. bxc5 bxc5 36.
Rxc5 Ba8 37. Rec1 Ra7 38. Nb5 Ra5 39. Rc8+ Rxc8 40. Rxc8+ Kg7 41. Rb8 Bc6 42. Nd4 Ba4 43. Nxe6+ Kh6 44. Nf8 Bc6 45. h4 Rxa3 46. Rc8 Bb7 47. Rd8 Ra1+ 48. Kh2 Kg7 49. Ne6+ Kf7 50. Bxd5 Bxd5 51. Ng5+ 1-0

[Event "Early-Titled-Tuesday-Blitz-September-05-2023"]
[Site "Chess.com"]
[Date "2023.09.05"]
[Round "6"]
[White "Sadykov_Ramil"]
[Black "secretsuperstar7"]
[Result "1-0"]
[WhiteElo "2584"]
[BlackElo "2396"]
[TimeControl "180+1"]
[EndTime "9:06:33 PDT"]
[Termination "Sadykov_Ramil won on time"]

1. Nf3 d5 2. c4 c6 3. e3 Nf6 4.
b3 e6 5. Bb2 Be7 6. g4 O-O 7.
g5 Ne4 8. h4 Nd7 9. d3 Nec5 10.
b4 Na6 11. a3 Qb6 12. Qc2 c5 13. b5 Nc7 14. a4 Qd6 15. Rg1 e5 16. Nbd2 f5 17. gxf6 Bxf6 18. cxd5 Nxd5 19. Ne4 Qe6 20. Qb3 Nc7 21. Qxe6+ Nxe6 22. Bh3 Nc7 23. Bxd7 Bxd7 24. Nxc5 Bc8 25. Bxe5 Nd5 26. d4 b6 27. Ne4 Bf5 28. Nxf6+ Nxf6 29. Bxf6 Rxf6 30. Rc1 Be4 31. Ne5 Rh6 32.
Rc7 g6 33. f3 Bd5 34. e4 Bb3 35. d5 Bxa4 36. d6 Bxb5 37. d7 Ba6 38. Nc6 Kf8 39. d8=Q+ Rxd8 40. Nxd8 Rxh4 41. Rxa7 Bc4 42. Rc7 Rh2 43.
Rxc4 1-0

[Event "Early-Titled-Tuesday-Blitz-September-05-2023"]
[Site "Chess.com"]
[Date "2023.09.05"]
[Round "6"]
[White "knightinshiningarmour16"]
[Black "Good_Knight_Kiss"]
[Result "0-1"]
[WhiteElo "2119"]
[BlackElo "2348"]
[TimeControl "180+1"]
[EndTime "9:06:33 PDT"]
[Termination "Good_Knight_Kiss won on time"]

1. d4 Nf6 2. c4 g6 3. Nc3 Bg7 4. e4 d6 5. Be3 O-O 6. f3 Nc6 7.
Qd2 a6 8. Bd3 e5 9. d5 Nd4 10.
Nge2 Nh5 11. O-O-O c5 12. dxc6 bxc6 13. Bb1 c5 14.
Nd5 Be6 15. Nxd4 cxd4 16. Bh6 Bxd5 17. exd5 Qc7 18. b3 a5 19. Bxg7 Kxg7 20. h4 a4 21. g4 Nf4 22. h5 axb3 23. axb3 Rfb8 24. hxg6 fxg6 25. Qh2 Kg8 26. Qc2 Ra3 27. Kb2 Raxb3+ 28.
Qxb3 Rxb3+ 29. Kxb3 Qb6+ 30. Kc2 Qb4 31. Ba2 Qc3+ 32. Kb1 Nd3 33. Rxd3 Qxd3+ 34. Ka1 Qc3+ 35. Kb1 Qxf3 36. Rc1 Qxg4 37. c5 Qe4+ 38. Ka1 Qe3 0-1

[Event "Early-Titled-Tuesday-Blitz-September-05-2023"]
[Site "Chess.com"]
[Date "2023.09.05"]
[Round "6"]
[White "Rurep26"]
[Black "Beca95"]
[Result "1/2-1/2"]
[WhiteElo "2830"]
[BlackElo "2988"]
[TimeControl "180+1"]
[EndTime "9:06:34 PDT"]
[Termination "Game drawn by repetition"]

1. d4 Nf6 2. Bf4 e6 3. e3 c5 4.
Nd2 d5 5. c3 Nc6 6. Ngf3 Nh5 7.
Bg3 Qb6 8. Rb1 Nxg3 9. hxg3 g6 10. Bd3 Bg7 11. O-O O-O 12. b4 cxd4 13. cxd4 Bd7 14. a3 Rfc8 15. Nb3 Be8 16. Qd2 Qd8 17. Rfc1 Ne7 18. Nc5 b6 19. Nb3 Rxc1+ 20. Rxc1 Rc8 21. b5 Rc7 22. a4 Nc8 23. Ne5 Ne7 24. f4 f6 25. Nf3 Nc8 26. e4 dxe4 27. Bxe4 Ne7 28.
Ne1 Rxc1 29. Qxc1 f5 30. Bd3 Bxd4+ 31. Kh2 Bf6 32. Bc4 Bf7 33. Nf3 Qd6 34. a5 Kg7 35.
a6 h6 36. Qe3 Nd5 37. Bxd5 Qxd5 38. Nbd4 g5 39. Ne5 Be8 40. Nec6 Bd7 41. Nf3 Bxc6 42. bxc6 Qxc6 43. fxg5 hxg5 44. Nxg5 e5 45. Nf3 e4 46.
Nd4 Qd5 47. Ne2 Qd3 48. Qf2 Qc2 49. Qe3 Qd3 50. Qf2 Qd2 51. Qf1 Qd3 52. Qf2 1/2-1/2

[Event "Early-Titled-Tuesday-Blitz-September-05-2023"]
[Site "Chess.com"]
[Date "2023.09.05"]
[Round "6"]
[White "Bigfish1995"]
[Black "Alexander_Donchenko"]
[Result "1-0"]
[WhiteElo "3096"]
[BlackElo "2848"]
[TimeControl "180+1"]
[EndTime "9:06:35 PDT"]
[Termination "Bigfish1995 won by checkmate"]

1. a3 Nf6 2. Ra2 d5 3. Ra1 e5 4.
e3 c5 5. h3 Nc6 6. Bb5 Bd6 7. Ne2 O-O 8. Bxc6 bxc6 9. d3 Bc7 10.
Nd2 e4 11. dxe4 dxe4 12. Nc3 Qe7 13. Qe2 a5 14. Qc4 Re8 15. Qa4 Ba6 16. Qxc6 Qe5 17. Nb5 Nd5 18. Nxc7 Nxc7 19. c4 Bc8 20. Qa4 Qg5 21.
g3 Bf5 22. Nb3 Ne6 23. Bd2 Reb8 24. Bc3 Bg6 25. Nxa5 Qf5 26. g4 Qf3 27. Rh2 h5 28. Qd1 hxg4 29. hxg4 Ng5 30. Kf1 Rxa5 31. Bxa5 Qf6 32.
Bc3 Qe6 33. Qd5 Nf3 34. Qxe6 Nxh2+ 35. Kg2 fxe6 36. Kxh2 Rd8 37. a4 Be8 38. a5 Bc6 39. a6 Kf7 40. Ra5 Ra8 41. a7 Bd7 42. Kg3 g5 43. Rxc5 Rxa7 44. Rxg5 Ra4 45. Rg7+ Ke8 46. Bf6 Rxc4 47. g5 Rc1 48. g6 Rg1+ 49. Kh2 Rg4 50.
Rg8# 1-0

[Event "Early-Titled-Tuesday-Blitz-September-05-2023"]
[Site "Chess.com"]
[Date "2023.09.05"]
[Round "6"]
[White "GOGIEFF"]
[Black "AsadliVugar"]
[Result "1-0"]
[WhiteElo "3006"]
[BlackElo "2799"]
[TimeControl "180+1"]
[EndTime "9:06:36 PDT"]
[Termination "GOGIEFF won by resignation"]

1. d4 Nf6 2. Nf3 g6 3. c4 Bg7 4.
Nc3 O-O 5. e4 d6 6. Be2 e5 7.
O-O h6 8. Qc2 Nbd7 9. Rd1 exd4 10. Nxd4 Re8 11. f3 c6 12. Kh1 Nh5 13. g4 Nhf6 14. Bf4 Ne5 15. Qd2 h5 16. g5 Nfd7 17.
Nc2 Nb6 18. b3 Qd7 19. Rg1 h4 20. Rad1 Qh3 21. Ne1 Nbd7 22. Qxd6 Nf8 23. Bf1 Qe6 24. Qxe6 Nxe6 25. Be3 Nxf3 26. Nxf3 Bxc3 27. Nxh4 c5 28. Nf3 b6 29. Rd5 Bb7 30. Bd3 Bxd5 31. cxd5 Nd4 32.
Bxd4 Bxd4 33. Re1 Be5 34. Kg2 Kg7 35. h4 Re7 36. a4 f6 37. Bc4 fxg5 38. hxg5 Rh8 39.
Rd1 Bd6 40. e5 Rxe5 41. Nxe5 Bxe5 42. d6 Bd4 43. Rf1 Rf8 44. d7 Rd8 45. Rf7+ Kg8 46.
Kf3 a6 47. Rf6+ Kg7 48. Rxb6 Rxd7 49. Rxa6 Re7 50. a5 Re3+ 51. Kf4 Re7 52. Rb6 Be3+ 53. Kg4 Re5 54. a6 Rxg5+ 55. Kf3 Bd4 56. a7 1-0

[Event "Early-Titled-Tuesday-Blitz-September-05-2023"]
[Site "Chess.com"]
[Date "2023.09.05"]
[Round "6"]
[White "Legendinunknown"]
[Black "GoltsevDmitry2000"]
[Result "0-1"]
[WhiteElo "2818"]
[BlackElo "2670"]
[TimeControl "180+1"]
[EndTime "9:06:37 PDT"]
[Termination "GoltsevDmitry2000 won by resignation"]

1. e4 e6 2. d4 d5 3. Nc3 c5 4. exd5 exd5 5. Bb5+ Nc6 6. Nf3 Nf6 7.
O-O Be7 8. dxc5 Bxc5 9. Re1+ Be6 10. Ng5 O-O 11. Bxc6 bxc6 12. Na4 Bd6 13. Rxe6 fxe6 14. Nxe6 Qa5 15. Nxf8 Qxa4 16. Ne6 Re8 17. Ng5 Qd4 18. Be3 Qxb2 19. h3 Rxe3 20. fxe3 Qe5 21. Qd4 Qxg5 22.
Rf1 Qg3 23. Qxa7 Qh2+ 24. Kf2 Ne4+ 25. Ke1 h6 26. Qf7+ Kh7 27. Qf5+ Kg8 28. Qe6+ Kh7 29. Qg4 Qe5 30. Qf5+ Qxf5 31. Rxf5 Bb4+ 32. Kd1 Nc3+ 33.
Kc1 Nxa2+ 34. Kb2 Nc3 35. Kb3 Ba5 36. Rf8 Ne4 37. Rc8 c5 38. Ka4 Be1 39. Rd8 Bf2 40.
Ka3 Nf6 41. Kb3 Bxe3 42. c4 dxc4+ 43. Kxc4 Bd4 44. Ra8 Kg6 45. Kd3 Kf5 46. Ra7 Nd5 47. Ra8 Nf4+ 48. Kc4 Nxg2 49. Rf8+ Ke6 50. Re8+ Kf7 51.
Re4 Ne3+ 52. Kd3 Nd5 53. Kc4 Nf6 54. Re2 g5 55. Kb5 Kg6 56. Kc6 h5 57. Kd6 c4 58.
Ke6 c3 59. Ra2 g4 60. h4 g3 61. Rc2 Ng4 62. Kd5 Ne3+ 0-1

[Event "Early-Titled-Tuesday-Blitz-September-05-2023"]
[Site "Chess.com"]
[Date "2023.09.05"]
[Round "6"]
[White "TanitoluwaAps116"]
[Black "MusicCityMaster"]
[Result "1-0"]
[WhiteElo "2777"]
[BlackElo "2366"]
[TimeControl "180+1"]
[EndTime "9:06:37 PDT"]
[Termination "TanitoluwaAps116 won on time"]

1. e4 c5 2. Nf3 d6 3. Bb5+ Nd7 4. c3 a6 5. Bd3 Ngf6 6. O-O g6 7. Bc2 Bg7 8. d4 O-O 9. e5 Ne8 10. Re1 b5 11. Bg5 dxe5 12. dxc5 Bb7 13. a4 e4 14. axb5 axb5 15. Rxa8 Bxa8 16. Bxe4 Bxe4 17. Rxe4 Nef6 18. Rd4 Qc7 19. b4 Ra8 20. Nbd2 Nf8 21. h3 Ne6 22. Rd3 Nxg5 23. Nxg5 h6 24. Ngf3 Ra2 25. Qb3 Ra1+ 26. Nf1 Ne4 27. c4 Qf4 28. cxb5 Qc1 29. Rd8+ Kh7 30.
Qd3 Nc3 31. g3 e5 32. Nxe5 Bxe5 33. Kg2 Ne4 34. b6 Nxg3 35. fxg3 Ra2+ 36. Kf3 Ra3 37. Qxa3 Qxa3+ 38. Ne3 Bf6 39. b7 Bxd8 40. b8=Q Qd3 41. Qd6 Qxd6 42. cxd6 Kg7 43. Ke4 Kf6 44. Kd5 g5 45. b5 Bb6 46. Ng4+ Kf5 47. Ne5 f6 48. Nc4 Bd8 49. b6 Bxb6 50. Nxb6 g4 51. h4 h5 52. d7 1-0

[Event "Early-Titled-Tuesday-Blitz-September-05-2023"]
[Site "Chess.com"]
[Date "2023.09.05"]
[Round "6"]
[White "ckgchess"]
[Black "amintabatabaei"]
[Result "0-1"]
[WhiteElo "2880"]
[BlackElo "3024"]
[TimeControl "180+1"]
[EndTime "9:06:38 PDT"]
[Termination "amintabatabaei won on time"]

1. e4 d6 2. d4 Nf6 3. Nc3 e5 4. Nf3 exd4 5. Nxd4 Be7 6. Bc4 O-O 7. O-O Nxe4 8. Nxe4 d5 9. Bd3 dxe4 10. Bxe4 c6 11. c3 Na6 12. Re1 Bf6 13. Be3 Nc7 14. Qc2 g6 15.
Rad1 Nd5 16. Bh6 Re8 17. Bxd5 cxd5 18. Qb3 Rxe1+ 19. Rxe1 Bxd4 20. cxd4 Be6 21. Qxb7 Rb8 22. Qxa7 Rxb2 23. Qa3 Rb8 24. Qg3 Rb6 25. h3 f6 26.
Rc1 Rb7 27. Rc6 Qd7 28. Ra6 Kf7 29. Qa3 Qe7 30. Qg3 g5 31. h4 g4 32. h5 Qc7 33.
Qxc7+ Rxc7 34. a4 Bf5 35. Kh2 Bd3 36. Rd6 Ra7 37. Rxd5 Rxa4 38. Be3 Ke6 39. Rc5 Be4 40. Kg3 f5 41. Re5+ Kf6 42. Rc5 Ra3 43. Rb5 Ra6 44. Rc5 Ra3 45. Rc7 Bd3 0-1

[Event "Early-Titled-Tuesday-Blitz-September-05-2023"]
[Site "Chess.com"]
[Date "2023.09.05"]
[Round "6"]
[White "Sjakkerntobi"]
[Black "kushbhagat2009"]
[Result "0-1"]
[WhiteElo "2486"]
[BlackElo "2632"]
[TimeControl "180+1"]
[EndTime "9:06:38 PDT"]
[Termination "kushbhagat2009 won on time"]

1. e4 c5 2. Nf3 d6 3. d4 cxd4 4. Qxd4 Nc6 5. Bb5 Bd7 6. Bxc6 Bxc6 7. Nc3 Nf6 8. Bg5 e6 9. O-O-O Be7 10. Qd3 O-O 11. Nd4 Qa5 12. f4 Rfc8 13. g4 a6 14. h4 b5 15. Bxf6 Bxf6 16. Kb1 Be8 17. g5 Bxd4 18. Qxd4 b4 19. Ne2 Bb5 20. Ng3 Rc6 21.
h5 Rac8 22. Rh2 Qc7 23. Rdd2 a5 24. h6 e5 25. Qe3 g6 26. fxe5 dxe5 27. Qf3 Qe7 28.
Rhf2 a4 29. Rf1 Bxf1 30. Nxf1 Qxg5 31. Ne3 Qxh6 32. Rf2 Qg7 33. Nd5 Re6 34. Qg4 h5 35.
Qg5 Rce8 36. Nf6+ Rxf6 37. Rxf6 Kh7 38. Rf1 Re6 39. a3 f6 40. Qg3 bxa3 41. Qxa3 Qd7 42. Kc1 Qc6 43. Rd1 Qxe4 44. Rd7+ Kh6 45. Qf8+ Kg5 0-1

[Event "Early-Titled-Tuesday-Blitz-September-05-2023"]
[Site "Chess.com"]
[Date "2023.09.05"]
[Round "6"]
[White "bazar-wokzal"]
[Black "andrzej"]
[Result "0-1"]
[WhiteElo "2519"]
[BlackElo "2395"]
[TimeControl "180+1"]
[EndTime "9:06:38 PDT"]
[Termination "andrzej won on time"]

1. e4 e5 2. Bc4 Nf6 3. d3 c6 4. Nf3 d5 5. Bb3 a5 6. Nc3 Bb4 7. a3 Bxc3+ 8. bxc3 dxe4 9. Nxe5 O-O 10. O-O a4 11.
Ba2 Nbd7 12. Nxd7 Qxd7 13. Bg5 Qf5 14. Qd2 exd3 15. cxd3 h6 16. Bh4 Re8 17. Rae1 Be6 18.
Bb1 Nd5 19. Bg3 Nb6 20. Re5 Qf6 21. Rfe1 Red8 22. Qb2 Nd7 23. R5e3 b5 24. d4 Nb6 25.
Be5 Qe7 26. Rg3 g5 27. Qc2 f5 28. f4 g4 29. Rge3 Nd5 30. R3e2 Qf7 31. c4 bxc4 32.
h3 h5 33. hxg4 hxg4 34. g3 Kf8 35. Qxc4 Rac8 36. Rh2 c5 37. Qxa4 Ke7 38. dxc5 Rd7 39. Bd6+ Rxd6 40. cxd6+ Kxd6 41. Qa6+ Rc6 42. Qa8 Qc7 43.
Qf8+ Ne7 44. Rh6 Qb6+ 45. Kh1 Kd7 0-1

[Event "Early-Titled-Tuesday-Blitz-September-05-2023"]
[Site "Chess.com"]
[Date "2023.09.05"]
[Round "6"]
[White "MartinMatthiesen"]
[Black "DKmirl"]
[Result "1-0"]
[WhiteElo "2471"]
[BlackElo "2266"]
[TimeControl "180+1"]
[EndTime "9:06:38 PDT"]
[Termination "MartinMatthiesen won by checkmate"]

1. d4 Nf6 2. c4 e6 3. Nf3 d5 4.
Nc3 dxc4 5. e3 b5 6. Nxb5 c6 7.
Nc3 Ba6 8. Qa4 Bd6 9. Bxc4 Bxc4 10. Qxc4 O-O 11. e4 Nfd7 12. e5 Be7 13. O-O Nb6 14. Qe2 Nd5 15. Ne4 Nd7 16. Bg5 c5 17. Bxe7 Qxe7 18.
Qd2 Rfb8 19. Rac1 cxd4 20. a3 Rb5 21. Nxd4 Rb6 22. Nc6 Qe8 23. b4 a5 24. Nxa5 Nxe5 25. Qg5 Ng6 26. Rfd1 Rb5 27. Nd6 h6 28. Qd2 Qd7 29.
Nxb5 Qxb5 30. Qd3 Qb6 31. Nc4 Ne5 32. Nxb6 Nxd3 33. Nxa8 Nxc1 34. Rxc1 g5 35. b5 Kg7 36. Nc7 Nb6 37. Rc6 Nc8 38. b6 Nxb6 39. Rxb6 Kf6 40. a4 Ke5 41. a5 Kd4 42. a6 f5 43. a7 f4 44. a8=Q f3 45. Qxf3 e5 46. Qe3+ Kc4 47.
Rc6+ Kb4 48. Qc3+ Ka4 49. Ra6# 1-0

[Event "Early-Titled-Tuesday-Blitz-September-05-2023"]
[Site "Chess.com"]
[Date "2023.09.05"]
[Round "6"]
[White "VitaliyBernadskiy"]
[Black "Jospem"]
[Result "0-1"]
[WhiteElo "2822"]
[BlackElo "3050"]
[TimeControl "180+1"]
[EndTime "9:06:39 PDT"]
[Termination "Jospem won on time"]

1. e4 c5 2. Nf3 d6 3. Bb5+ Nd7 4.
O-O a6 5. Bd3 Ngf6 6. c3 b6 7.
Bc2 Bb7 8. Re1 Qc7 9. d4 e6 10.
Nbd2 Rc8 11. Bd3 Be7 12. Qe2 b5 13. Nf1 e5 14. Ng3 g6 15. Bh6 Ng4 16. Bd2 Ngf6 17. a4 c4 18. Bc2 O-O 19. b4 Rfe8 20. d5 Bf8 21. axb5 axb5 22. Ra5 Ra8 23. Rxb5 Ra2 24. Bb1 Ra1 25. Bc2 Ra2 26. Bb1 Ra1 27. Bc2 Rea8 28.
h3 R1a2 29. Bb1 Ra1 30. Bc2 R1a3 31. Nh2 Ba6 32. Ra5 Rxa5 33. bxa5 Qxa5 34. Ng4 Nxg4 35. Qxg4 Qc7 36. Ra1 Nc5 37. Qh4 Rb8 38. Bg5 Bc8 39.
Bf6 Rb2 40. Bd1 Nd7 41. Bg4 Nxf6 42. Qxf6 Be7 43. Qf3 Bb7 44. Qe3 Qb8 45. Ra4 Bd8 46.
Rb4 Rxb4 47. cxb4 Ba6 48. Qc3 Bb6 49. Ne2 Qa7 50. Qf3 h5 51. Bxh5 gxh5 52. Qxh5 Bxf2+ 53. Kh1 Qe3 54. Qg4+ Kh7 55. Qh5+ Kg7 56. Qg4+ Kf8 0-1

[Event "Early-Titled-Tuesday-Blitz-September-05-2023"]
[Site "Chess.com"]
[Date "2023.09.05"]
[Round "6"]
[White "Jumbo"]
[Black "alpltl"]
[Result "1-0"]
[WhiteElo "2904"]
[BlackElo "2361"]
[TimeControl "180+1"]
[EndTime "9:06:39 PDT"]
[Termination "Jumbo won on time"]

1. Nf3 g6 2. c4 Bg7 3. g3 c5 4.
Bg2 Nc6 5. O-O d6 6. e3 Nf6 7. Nc3 O-O 8. h3 Bf5 9. d3 Rc8 10. Qe2 a6 11. Rd1 Qc7 12. b3 Qb8 13. Bb2 b5 14.
Rac1 Rfd8 15. Nd5 Ne8 16. Bxg7 Nxg7 17. d4 Be4 18. dxc5 dxc5 19. cxb5 Rxd5 20. Rxd5 Bxd5 21.
bxc6 Rxc6 22. Qd3 Qd6 23. Rd1 Bxf3 24. Bxf3 Qxd3 25. Rxd3 Rc8 26. Rd7 Nf5 27. Be2 Kf8 28. Ra7 Rd8 29. Rxa6 Rd2 30. Kf1 Nd6 31. Ra5 Ne4 32.
a4 Rb2 33. Rb5 Nc3 34. Rb8+ Kg7 35. Bd3 Nxa4 36. Rb5 Nc3 37. Rb7 Kf6 38. g4 e6 39. h4 h6 40. f4 g5 41. fxg5+ hxg5 42. h5 Kg7 43. Bg6 c4 44. Rxf7+ Kg8 45. bxc4 Nd1 46.
Rf3 Rb4 47. h6 1-0

[Event "Early-Titled-Tuesday-Blitz-September-05-2023"]
[Site "Chess.com"]
[Date "2023.09.05"]
[Round "6"]
[White "vugarrasulov"]
[Black "DenLaz"]
[Result "1/2-1/2"]
[WhiteElo "2927"]
[BlackElo "3079"]
[TimeControl "180+1"]
[EndTime "9:06:40 PDT"]
[Termination "Game drawn - insufficient material"]

1. e4 c5 2. Nf3 e6 3. d4 cxd4 4. Nxd4 Nc6 5. Nc3 Qc7 6. Be3 a6 7. Qf3 b5 8. O-O-O Bb7 9. Qg3 Qxg3 10. hxg3 Nxd4 11. Bxd4 b4 12. Na4 Bxe4 13. Nc5 Bc6 14. Nxa6 Rc8 15. Nxb4 Be4 16. f3 Bg6 17. Bd3 Bxd3 18.
Nxd3 Ne7 19. g4 f6 20. b3 e5 21. Bb2 d5 22. f4 e4 23. Nb4 Rd8 24. a4 Kf7 25. a5 Ra8 26. Nxd5 Rxa5 27. Nc3 e3 28. Rd3 Ng6 29. g3 Bc5 30. Ne4 Bb4 31. Rxe3 Rha8 32. Kb1 h6 33. Rd1 Nf8 34. Nd6+ Kg8 35. Nc4 R5a7 36.
c3 Bc5 37. Red3 Rb8 38. b4 Bxb4 39. cxb4 Rxb4 40. Nd6 Ne6 41. Rc1 Ra6 42. f5 Ng5 43. Rc4 Rxc4 44. Nxc4 Ra4 45. Ne3 Ne4 46. Kc2 Nxg3 47.
Rd4 Rxd4 48. Bxd4 h5 49. gxh5 Nxh5 50. Kd3 Kf7 51. Nc4 g6 52. Nd6+ Kg7 53. Ke4 Ng3+ 54. Kf4 Nxf5 55. Nxf5+ gxf5 56. Kxf5 Kf7 57. Bxf6 1/2-1/2

[Event "Early-Titled-Tuesday-Blitz-September-05-2023"]
[Site "Chess.com"]
[Date "2023.09.05"]
[Round "6"]
[White "ChessQueen"]
[Black "MITerryble"]
[Result "1-0"]
[WhiteElo "2776"]
[BlackElo "2932"]
[TimeControl "180+1"]
[EndTime "9:06:40 PDT"]
[Termination "ChessQueen won on time"]

1. e4 e6 2. d4 d5 3. exd5 exd5 4. Nf3 Nc6 5. h3 Nf6 6. Bd3 Nb4 7. Bb5+ c6 8. Be2 Bf5 9. Na3 Na6 10. O-O Nc7 11.
Re1 Be7 12. c3 O-O 13. Nc2 Ne4 14. Ne3 Be6 15. Nf1 Bd6 16. Bd3 f5 17. Qc2 Qf6 18. a4 Rae8 19. b4 Bd7 20. Bb2 g5 21. Ne5 Rxe5 22. dxe5 Bxe5 23. f3 Bxc3 24. Bxc3 Nxc3 25. Qf2 d4 26. Nd2 Be6 27. Bc4 N7d5 28. Nb3 d3 29.
Nc5 Bc8 30. Nxd3 Kh8 31. b5 f4 32. Ne5 Ne3 33. Rxe3 fxe3 34. Qxe3 Nd5 35. Bxd5 cxd5 36. Qd4 Be6 37. Re1 a6 38. bxa6 bxa6 39. Qb6 Bg8 40. a5 Qf4 41. Qxa6 Qd2 42. Re2 Qd4+ 43. Kh2 Qf4+ 44. g3 Qf6 45. Qd3 Rd8 46. a6 Kg7 47. a7 Ra8 48. Ng4 Qb6 49. Re7+ Kf8 50. Rd7 Rxa7 51.
Qf5+ 1-0